Map: Simulacrum LE

Players

ViBE - Winner!

  • Race: Protoss Protoss
  • League: Diamond
  • Spawn Location: 11:00

TortugaVil

  • Race: Terran Terran
  • League: Diamond
  • Spawn Location: 5:00

VOD

Have the link to the VOD?

Description

Time

  • Played on: Dec. 18, 2019, 9:34 p.m.
  • Length: 13:47
Show
View Real Time Build Order
Export as new Build Order

ViBE Protoss - Winner!

Build Orders: 1 Gate Expand 

Get SALT Encoding   

  12  0:00  Probe  
  13  0:13  Probe  
  14  0:22  Pylon  
  14  0:25  Probe  
  15  0:40  Probe  
  16  0:46  Gateway  
  16  0:52  Probe (Chrono Boost)  
  17  0:58  Assimilator  
  17  1:04  Probe (Chrono Boost)  
  18  1:09  Probe (Chrono Boost)  
  19  1:18  Probe  
  20  1:30  Probe  
  21  1:33  Nexus  
  21  1:42  Probe  
  21  1:43  Cybernetics Core  
  22  1:50  Pylon  
  22  1:54  Probe  
  22  1:57  Assimilator  
  23  2:12  Probe  
  23  2:24  Stalker (Chrono Boost)  
  23  2:26  Probe  
  23  2:28  Warp Gate  
  26  2:40  Pylon  
  26  2:47  Stalker  
  27  2:55  Probe (Chrono Boost)  
  28  2:58  Probe (Chrono Boost)  
  29  3:06  Probe (Chrono Boost)  
  29  3:08  Probe (Chrono Boost)  
  31  3:13  Probe x2 (Chrono Boost)  
  31  3:14  Robotics Facility  
  31  3:15  Gateway  
  31  3:19  Sentry  
  34  3:24  Probe (Chrono Boost)  
  36  3:27  Probe (Chrono Boost)  
  36  3:38  Probe (Chrono Boost)  
  36  3:40  Probe (Chrono Boost)  
  38  3:43  Probe (Chrono Boost)  
  38  3:47  Stalker  
  41  3:50  Probe (Chrono Boost)  
  41  3:53  Probe (Chrono Boost)  
  44  4:05  Pylon, Probe (Chrono Boost)  
  44  4:06  Probe (Chrono Boost)  
  44  4:07  Assimilator  
  45  4:10  Immortal, Assimilator  
  45  4:13  Probe  
  50  4:23  Nexus  
  50  4:26  Pylon  
  50  4:28  Probe  
  50  4:29  Probe  
  52  4:34  Stalker  
  54  4:42  Stalker  
  52  4:52  Probe (Chrono Boost)  
  52  4:58  Probe (Chrono Boost)  
  52  5:01  Probe (Chrono Boost)  
  52  5:05  Probe (Chrono Boost)  
  52  5:06  Robotics Bay, Probe (Chrono Boost)  
  55  5:17  Probe (Chrono Boost)  
  55  5:18  Probe (Chrono Boost)  
  57  5:24  Stalker x2  
  57  5:27  Probe (Chrono Boost)  
  62  5:29  Forge  
  62  5:35  Pylon  
  62  5:38  Pylon  
  62  5:43  Gateway, Probe x3  
  62  5:46  Gateway  
  62  5:48  Gateway  
  65  5:55  Probe x3  
  65  5:57  Disruptor  
  71  6:05  Stargate  
  71  6:06  Protoss Ground Weapons Level 1 (Chrono Boost)  
  71  6:17  Twilight Council  
  71  6:23  Probe x2  
  71  6:24  Probe  
  74  6:33  Observer, Pylon  
  74  6:36  Probe x2 (Chrono Boost)  
  74  6:37  Probe (Chrono Boost)  
  78  6:41  Pylon  
  78  6:46  Probe x3 (Chrono Boost)  
  81  6:47  Pylon  
  81  6:51  Probe x3 (Chrono Boost)  
  84  6:58  Fleet Beacon  
  84  7:01  Stargate x2  
  84  7:06  Charge  
  84  7:07  Probe x3  
  87  7:11  Assimilator  
  87  7:13  Assimilator  
  87  7:15  Disruptor  
  87  7:19  Probe x3  
  93  7:23  Zealot x3  
  93  7:24  Zealot  
  93  7:26  Zealot  
  103  7:31  Probe x2  
  103  7:32  Probe  
  106  7:49  Tempest x2  
  106  7:51  Disruptor, Probe x3  
  121  8:06  Protoss Ground Weapons Level 2 (Chrono Boost)  
  121  8:11  Zealot x2  
  125  8:28  Nexus  
  125  8:31  Pylon  
  125  8:34  Pylon  
  125  8:37  Pylon  
  125  8:39  Protoss Air Weapons Level 1 (Chrono Boost)  
  125  8:49  Tempest  
  125  8:52  Tempest x2  
  125  8:54  Probe  
  141  8:55  Probe x2  
  141  9:00  Photon Cannon  
  141  9:02  Photon Cannon  
  143  9:04  Zealot x2  
  143  9:05  Zealot, Photon Cannon  
  143  9:09  Photon Cannon  
  143  9:46  Tempest x3  
  152  9:57  Zealot x5  
  162  10:03  Assimilator x2  
  162  10:10  Probe  
  162  10:11  Probe  
  164  10:20  Pylon x2  
  164  10:21  Nexus  
  164  10:22  Pylon x2  
  164  10:24  Pylon  
  164  10:25  Pylon  
  164  10:27  Pylon  
  164  10:31  Templar Archives  
  164  10:32  Pylon  
  164  10:33  Gateway  
  164  10:34  Gateway  
  164  10:36  Gateway  
  164  10:37  Disruptor  
  164  10:38  Probe x2  
  164  10:39  Gateway  
  164  10:40  Protoss Ground Weapons Level 3 (Chrono Boost)  
  164  10:41  Gateway  
  169  10:43  Gateway  
  169  10:46  Gateway  
  169  10:47  Gateway  
  168  10:57  Stalker x3  
  168  11:00  Protoss Air Weapons Level 2 (Chrono Boost), Probe x2  
  168  11:01  Probe  
  172  11:06  Probe  
  173  11:12  Probe x2  
  173  11:13  Probe  
  176  11:18  Probe  
  176  11:24  Probe  
  176  11:37  Tempest x2  
  176  11:38  Tempest  
  176  11:39  Disruptor  
  165  12:09  Zealot x3  
  165  12:10  Zealot x8  
  165  12:11  Zealot x2  
Show
View Real Time Build Order
Export as new Build Order

TortugaVil Terran 

Build Orders: 2 Factory, Gas First Reaper Expand 

Get SALT Encoding   

  12  0:01  SCV  
  13  0:13  SCV  
  14  0:18  Supply Depot  
  14  0:25  SCV  
  15  0:32  Refinery  
  15  0:39  SCV  
  16  0:47  Barracks  
  16  0:51  SCV  
  17  1:04  SCV  
  18  1:16  SCV  
  19  1:33  Orbital Command  
  19  1:35  Reaper  
  20  1:52  Command Center  
  20  2:02  Factory  
  20  2:10  SCV  
  21  2:19  Supply Depot  
  21  2:20  Refinery  
  21  2:23  SCV  
  21  2:24  Barracks Reactor  
  22  2:35  SCV  
  23  2:59  SCV  
  24  3:11  Barracks Tech Lab, Factory  
  23  3:15  SCV  
  23  3:19  Hellion x2  
  28  3:20  Orbital Command  
  28  3:27  SCV  
  28  3:33  Factory  
  29  3:39  SCV  
  29  3:41  Barracks Tech Lab, Supply Depot  
  30  3:43  Hellion  
  30  3:44  Hellion  
  35  4:02  SCV  
  35  4:03  SCV  
  35  4:07  Cyclone  
  35  4:09  Hellion x2  
  43  4:18  SCV x2  
  43  4:21  Factory Tech Lab  
  45  4:30  SCV x2  
  47  4:33  Factory  
  47  4:34  Hellion x2  
  47  4:35  Supply Depot  
  45  4:58  Cyclone x2  
  53  5:00  SCV x2, Hellion x2  
  55  5:13  Command Center  
  55  5:14  SCV x2  
  55  5:16  Refinery  
  57  5:23  Supply Depot  
  57  5:24  Factory Tech Lab  
  57  5:26  SCV x2, Hellion  
  61  5:35  Supply Depot  
  61  5:38  SCV  
  61  5:40  Infernal Pre-Igniter  
  61  5:41  Mag-Field Accelerator  
  62  5:45  SCV, Hellion  
  65  5:50  SCV  
  65  5:53  Cyclone  
  65  5:54  Supply Depot  
  69  5:57  SCV  
  69  6:03  Refinery  
  70  6:05  Armory  
  70  6:07  SCV  
  70  6:09  SCV  
  70  6:11  Engineering Bay  
  72  6:12  Cyclone  
  72  6:16  Hellion x2  
  79  6:25  Orbital Command  
  79  6:26  SCV  
  79  6:27  SCV  
  81  6:33  Cyclone  
  81  6:34  Cyclone  
  81  6:38  SCV  
  88  6:44  Hellion x2  
  88  6:46  SCV, Orbital Command  
  93  6:50  SCV  
  93  6:53  Sensor Tower  
  94  6:58  SCV  
  95  7:02  Terran Vehicle Weapons Level 1, SCV  
  95  7:05  Supply Depot  
  95  7:06  Supply Depot  
  96  7:11  SCV  
  96  7:14  SCV  
  98  7:17  SCV  
  98  7:21  Sensor Tower  
  99  7:23  SCV  
  99  7:24  Supply Depot  
  99  7:26  Marauder  
  99  7:27  SCV  
  99  7:29  SCV, Refinery  
  104  7:31  Refinery  
  104  7:33  Supply Depot  
  104  7:34  Supply Depot  
  104  7:35  SCV  
  105  7:38  Cyclone  
  105  7:39  SCV  
  105  7:41  SCV  
  105  7:42  Cyclone  
  113  7:44  Cyclone  
  113  7:47  SCV  
  113  7:51  SCV  
  118  7:56  Hellion x2  
  107  8:10  Cyclone  
  110  8:14  Cyclone  
  110  8:17  Hellion x2  
  110  8:18  Hellion  
  119  8:22  SCV x2  
  119  8:24  Starport  
  121  8:35  Armory  
  121  8:36  Starport  
  121  8:38  Cyclone  
  121  8:39  Hellion x2  
  128  8:42  SCV  
  128  8:43  SCV x2, Cyclone  
  128  8:46  Cyclone  
  137  8:55  SCV x2  
  123  8:57  Liberator  
  123  8:58  Terran Vehicle Weapons Level 2  
  123  9:03  Fusion Core  
  123  9:07  Starport Tech Lab  
  123  9:10  Cyclone  
  129  9:18  SCV x3  
  128  9:34  Viking  
  130  9:42  Cyclone x3  
  127  9:45  Hellion  
  127  9:46  Command Center, Hellion  
  127  9:52  Liberator  
  125  9:55  Advanced Ballistics  
  125  9:57  Viking  
  127  10:01  Starport  
  130  10:14  Refinery, Cyclone  
  130  10:18  Refinery  
  130  10:19  Cyclone  
  136  10:26  Cyclone  
  136  10:27  Hellion  
  141  10:32  Command Center  
  141  10:36  Terran Ship Weapons Level 1  
  141  10:40  Liberator  
  141  10:41  Supply Depot x2  
  141  10:43  Starport Tech Lab  
  141  10:58  SCV x3, Hellion x2  
  141  11:02  Liberator  
  151  11:06  Supply Depot x2  
  151  11:16  Hellion, Cyclone x2  
  159  11:19  Hellion, Cyclone  
  159  11:20  Viking  
  159  11:23  Supply Depot  
  147  11:40  Planetary Fortress, Viking  
  147  11:42  Supply Depot  
  146  11:48  Cyclone x2  
  146  11:49  Supply Depot  
  146  11:50  Viking  
  146  11:51  Cyclone  
  146  11:52  Hellion  
  146  11:53  Hellion  
  111  12:10  Viking x2  
  110  12:16  Supply Depot  
  110  12:20  Cyclone x2  
  100  12:23  Cyclone  
Tags
 
Add a new tag
Caveats
  • Supply blocks, unpowered buildings, or Contaminate may cause inaccurate times.
  • Supply counts are checked every 10 seconds.